 Dungeon Crawl Stone Soup version 0.28.0-53-g5a82cb258f (webtiles) character file.

Game seed: 4677812130865875868

252 LadyOphelia the Chopper (level 5, -1/50 HPs)
             Began as a Deep Dwarf Berserker on July 3, 2022.
             Was a Believer of Trog.
             Slain by an iguana (10 damage)
             ... on level 4 of the Dungeon.
             The game lasted 00:08:26 (2143 turns).

LadyOphelia the Chopper (Deep Dwarf Berserker)      Turns: 2143, Time: 00:08:27

Health: -1/50      AC:  4    Str: 22    XL:     5   Next: 89%
Magic:  5/5        EV: 13    Int:  8    God:    Trog [**....]
Gold:   102        SH:  0    Dex: 12    Spells: 4/4 levels left

rFire   . . .      SeeInvis .   a - +0 hand axe
rCold   . . .      Faith    .   (no shield)
rNeg    + . .      Spirit   .   g - +2 robe {rN+}
rPois   .          Reflect  .   (no helmet)
rElec   .          Harm     .   (no cloak)
rCorr   .          Rampage  .   (no gloves)
Will    .....                   (no boots)
Stlth   ++........              (no amulet)
HPRegen 0.00/turn               (no ring)
MPRegen 0.09/turn               (no ring)

@: no status effects
A: damage resistance, heal wounds, sense surroundings 1, no regeneration
a: Heal Wounds, Renounce Religion, Berserk, Trog's Hand


You were on level 4 of the Dungeon.
You worshipped Trog.
Trog was pleased with you.
You visited 1 branch of the dungeon, and saw 4 of its levels.

You collected 102 gold pieces.

Inventory:

Hand Weapons
 a - a +0 hand axe (weapon)
Armour
 b - a +0 animal skin
 g - a +2 robe of positive energy (worn)
Wands
 i - a wand of iceblast (7)
 p - a wand of charming (13)
Scrolls
 d - a scroll of immolation {unknown}
 e - a scroll of torment
 f - a scroll of magic mapping {unknown}
 j - 2 scrolls of identify {unknown}
 k - a scroll of fear {unknown}
Potions
 c - a potion of cancellation {unknown}
 h - 2 potions of flight {unknown}
 l - a potion of curing {unknown}
 m - 2 potions of degeneration {unknown}
 n - 3 potions of brilliance {unknown}
 o - a potion of haste {unknown}


   Skills:
 + Level 3.8 Fighting
 + Level 5.4 Axes
 + Level 2.4 Armour
 + Level 3.4 Dodging
 + Level 1.8 Stealth


You had 4 spell levels left.
You didn't know any spells.
Your spell library was empty.

Dungeon Overview and Level Annotations

Branches:
Dungeon (4/15)
 Temple: D:4-7

Altars:
Okawaru

Shops:
D:3 (*=

Annotations:
D:4 Ijyb


Innate Abilities, Weirdness & Mutations

You are resistant to damage.
You can heal yourself by infusing magical energy.
You passively map a small area around you.
You do not regenerate.


Message History

There is an escape hatch in the ceiling here.
There is a stone staircase leading down here.
You climb downwards.
The iguana hisses angrily.
There is a stone staircase leading up here.
Ijyb the Twisted Goblin comes into view.
She is wielding a +0 dagger and carrying a wand of paralysis (8).
The iguana barely misses you.
You hit the iguana.
The iguana is lightly wounded.
The iguana bites you!
You hit the iguana.
The iguana is lightly wounded.
The iguana bites you.
You barely miss the iguana.
The iguana is lightly wounded.
The iguana barely misses you.
You closely miss the iguana.
The iguana is lightly wounded.
The iguana barely misses you.
You hit the iguana.
The iguana is heavily wounded.
The iguana bites you but does no damage.
You closely miss the iguana.
The iguana is heavily wounded.
The iguana closely misses you. The iguana bites you.
You hit the iguana.
The iguana is heavily wounded.
The iguana bites you!
* * * LOW HITPOINT WARNING * * *
You hit the iguana but do no damage.
The iguana is heavily wounded.
The iguana closely misses you.
You hit the iguana.
The iguana is severely wounded.
The iguana bites you.
* * * LOW HITPOINT WARNING * * *
You hit the iguana.
The iguana is severely wounded.
The iguana bites you!
You die...

* , * * , ,,
* , * , ,*, ,
, * ####* , ,
, , ..# ***
,. , #.# ...
,
#.######.....
* *,
#<...@lg.....
*
########.....
, , * ... * ,
. , ** * * **
, , , * , * *
* , , ,, ,


You could see Ijyb and an iguana.

Vanquished Creatures
  A water moccasin (D:3)
  Jessica (D:2)
  Natasha (D:2)
  Robin (D:2)
  3 adders
  2 dart slugs
  An orc (D:3)
  3 ball pythons
  2 endoplasms
  12 goblins
  7 hobgoblins
  2 jackals (D:3)
  4 quokkas
  6 bats
  2 frilled lizards (D:1)
  6 kobolds
  5 rats
59 creatures vanquished.

Vanquished Creatures (others)
  2 plants (D:1)
2 creatures vanquished.

Grand Total: 61 creatures vanquished

Notes
Turn   | Place    | Note
-------+----------+-------------------------------------------
     0 | D:1      | LadyOphelia the Deep Dwarf Berserker began the quest for
                  | the Orb.
     0 | D:1      | Reached XP level 1. HP: 20/20 MP: 1/1
   206 | D:1      | Reached XP level 2. HP: 16/27 MP: 2/2
   694 | D:1      | Reached XP level 3. HP: 33/34 MP: 3/3
   842 | D:2      | Noticed Jessica
   857 | D:2      | Killed Jessica
   858 | D:2      | Reached skill level 4 in Axes
   961 | D:2      | Reached ** piety under Trog
  1082 | D:2      | Reached XP level 4. HP: 20/42 MP: 4/4
  1086 | D:2      | Noticed Natasha
  1097 | D:2      | Killed Natasha
  1302 | D:2      | Noticed Robin
  1310 | D:2      | Killed Robin
  1451 | D:2      | Found a faded altar of an unknown god.
  1476 | D:3      | Found Uxzoruat's Weapon Boutique.
  1594 | D:3      | Found an iron altar of Okawaru.
  1640 | D:3      | Noticed a water moccasin
  1644 | D:3      | Found Cifem's Assorted Antiques.
  1653 | D:3      | Killed a water moccasin
  1654 | D:3      | Reached skill level 5 in Axes
  1654 | D:3      | Reached skill level 1 in Stealth
  1654 | D:3      | Reached XP level 5. HP: 18/50 MP: 5/5
  1938 | D:3      | Found Cecrunel's Jewellery Shoppe.
  2132 | D:4      | Noticed Ijyb
  2143 | D:4      | Slain by an iguana

Illustrated notes

Levels and vault maps discovered:
D:1:      dpeg_arrival_castle, layout_basic, serial_bayou_ford_a
D:2:      layout_loops_ring, shapermc_ecumenical_altar_mp_urbaneastern,
          minmay_cut_off, uniq_natasha, uniq_jessica, uniq_robin
D:3:      layout_loops_cross, okawaru_gym_becter, serial_shops, shop_fountains,
          shop_fountains, nicolae_shop_stone
D:4:      layout_loops_ring, mainiacjoe_overflow_alcove_2, lemuel_old_faithful,
          uniq_ijyb

Skill      XL: |  1  2  3  4 |
---------------+-------------+-----
Fighting       | 3 |  3.8
Axes           | 4 5 |  5.4
Dodging        | 3 |  3.4
Stealth        | 1 |  1.8
Armour         | |  2.4

Action                   |  1- 3 |  4- 6 || total
-------------------------+-------+-------++-------
Melee: Hand axe          |    98 |    83 ||   181
       Punch             |     2 |       ||     2
Invok: Berserk           |       |     1 ||     1
 Abil: Heal Wounds       |     1 |     3 ||     4
  Use: Scroll            |       |     1 ||     1
 Stab: Sleeping          |       |     3 ||     3
Armor: Animal skin       |    13 |       ||    13
       Robe              |     1 |    21 ||    22
Dodge: Dodged            |    56 |    59 ||   115
